 Dungeon Crawl Stone Soup version 0.31.0-12-g77e489cdc1 (webtiles) character file.

Game seed: 14110904329771650256

48 DildoBatman the Conjurer (level 4, -4/32 HPs)
             Began as a Formicid Conjurer on Feb 16, 2024.
             Slain by a ribbon worm (7 damage)
             ... on level 2 of the Dungeon.
             The game lasted 00:03:37 (1844 turns).

DildoBatman the Conjurer (Formicid Conjurer)        Turns: 1844, Time: 00:03:37

Health: -4/32      AC:  7    Str: 12    XL:     4   Next: 0%
Magic:  7/7        EV:  6    Int: 19    God:
Gold:   79         SH:  0    Dex: 12    Spells: 5/8 levels left

rFire   . . .        l - +0 spear
rCold   . . .        (no shield)
rNeg    . . .        h - +3 leather armour
rPois   .            (helmet unavailable)
rElec   .            i - +0 cloak
rCorr   .            (no gloves)
SInv    +            (no boots)
Will    .....        (no amulet)
Stlth   ++           (no ring)
HPRegen 0.25/turn    (no ring)
MPRegen 0.10/turn

%: no passive effects
@: held
A: permanent stasis, dig shafts and tunnels, antennae 3, four strong arms
a: Dig, Shaft Self


You were on level 2 of the Dungeon.
You visited 1 branch of the dungeon, and saw 2 of its levels.

You collected 79 gold pieces.

Inventory:

Hand Weapons
 g - a +0 short sword
 l - a +0 spear (weapon)
Missiles
 c - 10 poisoned darts
 d - 24 stones
Armour
 a - a +0 leather armour of poison resistance
 f - a +0 tower shield
 h - a +3 leather armour (worn)
 i - a +0 cloak (worn)
Wands
 o - a wand of mindburst (8)
Scrolls
 e - a scroll of brand weapon {unknown}
 k - a scroll of fog {unknown}
Potions
 b - a potion of magic
 j - a potion of resistance {unknown}
 m - a potion of haste {unknown}
 n - a potion of heal wounds {unknown}


   Skills:
 + Level 1.0 Fighting
 + Level 1.2 Armour
 + Level 2.2 Dodging
 + Level 3.1 Stealth
 + Level 2.5 Spellcasting
 + Level 3.8 Conjurations


You had 5 spell levels left.
You knew the following spells:

 Your Spells              Type           Power      Damage    Failure   Level
a - Searing Ray           Conj           32%        2d5       6%          2
c - Magic Dart            Conj           64%        1d6       4%          1

Your spell library contained the following spells:

 Spells                   Type           Power      Damage    Failure   Level
 Fulminant Prism          Conj/Alch      4%         3d5       67%         4
 Iskenderun's Mystic Bla  Conj/Tloc      9%         2d4       67%         4


Dungeon Overview and Level Annotations

Branches:
Dungeon (2/15)

Altars:


Innate Abilities, Weirdness & Mutations

You cannot be hasted, slowed, berserked, paralysed or teleported.
You can dig through walls and to a lower floor.
You have a pair of large antennae on your head. (SInv)
Your four strong arms can wield two-handed weapons with a shield.


Message History

The hobgoblin barely misses you. The ribbon worm bites you. x2
What are your orders? t - Shout!
Orders for allies: a - Attack new target. r - Retreat! s - Stop attacking. g - Guard the area. f - Follow me.
Anything else - Cancel.
You shout for attention!
The hobgoblin hits you. The ribbon worm bites you. x2
What are your orders? t - Shout!
Orders for allies: a - Attack new target. r - Retreat! s - Stop attacking. g - Guard the area. f - Follow me.
Anything else - Cancel.
You shout for attention!
The hobgoblin barely misses you. The ribbon worm bites you.
What are your orders? t - Shout!
Orders for allies: a - Attack new target. r - Retreat! s - Stop attacking. g - Guard the area. f - Follow me.
Anything else - Cancel.
You shout for attention!
The ribbon worm bites you but does no damage.
The hobgoblin hits you but does no damage.
What are your orders? t - Shout!
Orders for allies: a - Attack new target. r - Retreat! s - Stop attacking. g - Guard the area. f - Follow me.
Anything else - Cancel.
You shout for attention!
The hobgoblin barely misses you. The ribbon worm bites you.
The ribbon worm bites you!
You die...

#.# #.# #.# #.#
#######.#
........######
.######......#
##......##.#
#.......##@######
....#......wgw....#
.##...#.####.####.#
.......# #.#
######.) ,..# #'#
#### ..


You could see 2 ribbon worms and a hobgoblin.

Vanquished Creatures
  An adder (D:2)
  A ribbon worm (D:2)
  2 bats
  4 endoplasms (D:1)
  4 goblins
  5 hobgoblins
  6 kobolds
  A quokka (D:1)
  2 ball pythons (D:2)
  A frilled lizard (D:2)
  7 rats (D:1)
34 creatures vanquished.

Notes
Turn   | Place    | Note
-------+----------+-------------------------------------------
     0 | D:1      | DildoBatman the Formicid Conjurer began the quest for the
                  | Orb.
     0 | D:1      | Reached XP level 1. HP: 13/13 MP: 3/3
   300 | D:1      | Reached XP level 2. HP: 20/20 MP: 1/5
   303 | D:1      | Learned a level 2 spell: Searing Ray
   714 | D:1      | Reached XP level 3. HP: 25/25 MP: 3/6
   747 | D:1      | Reached skill level 1 in Armour
  1473 | D:2      | Reached skill level 1 in Fighting
  1772 | D:2      | Reached XP level 4. HP: 32/32 MP: 4/7
  1844 | D:2      | Slain by a ribbon worm

Illustrated notes

Levels and vault maps discovered:
D:1:      dpeg_arrival_simpleton_c, layout_basic
D:2:      layout_loops_corners

Skill      XL: |  1  2  3 |
---------------+----------+-----
Dodging        | 2 |  2.2
Armour         | 1 |  1.2
Stealth        | 3 |  3.1
Fighting       | 1 |  1.0
Spellcasting   | |  2.5
Conjurations   | |  3.8

Action                     |  1- 3 |  4- 6 || total
---------------------------+-------+-------++-------
  Melee: Unarmed           |     3 |       ||     3
         Short sword       |     8 |       ||     8
         Spear             |     2 |       ||     2
   Cast: Magic Dart        |    70 |       ||    70
         Searing Ray       |     1 |       ||     1
 Armour: Robe              |     2 |       ||     2
         Leather armour    |     6 |    44 ||    50
  Dodge: Dodged            |    12 |    49 ||    61
